 Dungeon Crawl Stone Soup version 0.31-a0-986-g5e6e4ef867 (webtiles) character file.

Game seed: 13118798303167865878

74 Persephone the Chopper (level 4, -1/58 HPs)
             Began as a Minotaur Monk on Nov 13, 2023.
             Slain by a gnoll
             ... wielding a +1 halberd of protection
              (7 damage)
             ... on level 3 of the Dungeon.
             The game lasted 00:01:44 (1322 turns).

Persephone the Chopper (Minotaur Monk)              Turns: 1322, Time: 00:01:44

Health: -1/58      AC: 22    Str: 18    XL:     4   Next: 9%
Magic:  3/3        EV:  2    Int:  7    God:
Gold:   135        SH:  0    Dex: 12    Spells: 3/3 levels left

rFire   . . .        a - +0 hand axe
rCold   . . .        d - orb {light}
rNeg    . . .        h - melded +3 leather armour
rPois   +            (helmet currently unavailable)
rElec   .            (cloak currently unavailable)
rCorr   .            (gloves currently unavailable)
SInv    .            (boots currently unavailable)
Will    .....        (no amulet)
Stlth   +            (no ring)
HPRegen 0.29/turn    (no ring)
MPRegen 0.08/turn

%: no passive effects
@: tree-form, glowing
A: stationary, stasis, torment immunity, boosted hp, (horns 2), (retaliatory
headbutt)
a: no special abilities


You were on level 3 of the Dungeon.
You were a tree.
You visited 1 branch of the dungeon, and saw 3 of its levels.

You collected 135 gold pieces.

Inventory:

Hand Weapons
 a - a +0 hand axe (weapon)
Missiles
 g - 6 silver javelins
Armour
 d - an orb of light (worn)
 h - a +3 leather armour (melded)
Scrolls
 e - a scroll of blinking {unknown}
 f - a scroll of identify {unknown}
 i - a scroll of enchant armour {unknown}
Potions
 b - a potion of heal wounds {unknown}
 c - 2 potions of ambrosia
 j - a potion of resistance {unknown}
 k - a potion of lignification


   Skills:
 - Level 3.6 Fighting
 + Level 6.0 Axes
 - Level 3.2 Dodging


You had 3 spell levels left.
You didn't know any spells.
Your spell library contained the following spells:

 Spells                   Type           Power      Damage    Failure   Level
 Ozocubu's Armour         Ice            0%         N/A       80%         3
 Metabolic Englaciation   Hex/Ice        0%         N/A       100%        5
 Simulacrum               Ice/Necr       0%         N/A       100%        6


Dungeon Overview and Level Annotations

Branches:
Dungeon (3/15)

Altars:

Shops:
D:1 :


Innate Abilities, Weirdness & Mutations

You are a tree.
Your roots penetrate the ground, keeping you stationary.
You cannot be teleported.
You are immune to unholy pain and torment.
Your maximum health is greatly increased.
Your equipment is partially melded.
((You have a pair of horns on your head.))
((You reflexively headbutt those who attack you in melee.))


Message History

A gnoll comes into view.
It is wielding a +0 flail of holy wrath.
The gnoll shouts!
The gnoll closely misses you. The gnoll hits you but does no damage.
You barely miss the gnoll. The gnoll hits you with a +0 club.
The gnoll hits you from afar with a +1 halberd of protection.
You slash the gnoll!
The gnoll is heavily wounded.
The gnoll hits you with a +0 club. The gnoll closely misses you.
You slash the gnoll!
You kill the gnoll!
The gnoll hits you from afar with a +1 halberd of protection.
Your Axes skill increases to level 6!
You have reached level 4!
You feel stronger.
The gnoll hits you with a +1 halberd of protection!
* * * LOW HITPOINT WARNING * * *
You see here a +0 club.
You hit the gnoll but do no damage.
The gnoll hits you with a +1 halberd of protection.
* * * LOW HITPOINT WARNING * * *
You hit the gnoll.
The gnoll is lightly wounded.
The gnoll closely misses you.
You hit the gnoll.
The gnoll is heavily wounded.
The gnoll hits you but does no damage.
You hit the gnoll but do no damage.
The gnoll is heavily wounded.
The gnoll hits you with a +1 halberd of protection.
* * * LOW HITPOINT WARNING * * *
It was a potion of lignification.
You turn into a tree.
Your +3 leather armour melds into your body.
Your roots penetrate the ground.
The gnoll hits you but does no damage.
You barely miss the gnoll.
The gnoll is heavily wounded.
The gnoll barely misses you.
You barely miss the gnoll.
The gnoll is heavily wounded.
The gnoll hits you with a +1 halberd of protection!
You die...

#..# ## #.## #.
#.#####. #...##..
#.#..'.⌠ # #.#..#..
#.# #.##.##+
#..!###########.##....
#..gg♣..........######
#..g############# #.#
#


You could see 3 gnolls.

Vanquished Creatures
  A gnoll (D:3)
  An adder (D:2)
  A worm (D:2)
  3 dart slugs
  2 bats (D:2)
  5 endoplasms
  6 giant cockroaches
  4 goblins
  3 hobgoblins (D:1)
  5 ball pythons
  2 frilled lizards (D:2)
  4 kobolds
  6 rats
43 creatures vanquished.

Notes
Turn   | Place    | Note
-------+----------+-------------------------------------------
     0 | D:1      | Persephone the Minotaur Monk began the quest for the Orb.
     0 | D:1      | Reached XP level 1. HP: 19/19 MP: 0/0
   113 | D:1      | Found Acweta's Book Shoppe.
   171 | D:1      | Reached skill level 4 in Axes
   310 | D:1      | Reached XP level 2. HP: 26/26 MP: 1/1
   690 | D:2      | Reached skill level 5 in Axes
   720 | D:2      | Reached XP level 3. HP: 31/31 MP: 2/2
  1315 | D:3      | Reached skill level 6 in Axes
  1315 | D:3      | Reached XP level 4. HP: 19/39 MP: 3/3
  1322 | D:3      | Slain by a gnoll

Illustrated notes

Levels and vault maps discovered:
D:1:      dpeg_arrival_snail, layout_rooms, serial_shops, shop, chequers_avenue,
          hangedman_abyss_or_decor_stabs
D:2:      layout_rooms
D:3:      layout_loops_ring, serial_shops, nicolae_shop_pleasant_corner_grove,
          hellmonk_ecumenical_altar_inner_sanctum, grunt_ministairs_13,
          chequers_big_river, nicolae_kite_square_tiling_tiny

Skill      XL: |  1  2  3 |
---------------+----------+-----
Axes           | 4 5 6 |  6.0
Fighting       | |  3.6
Dodging        | |  3.2

Action                     |  1- 3 |  4- 6 || total
---------------------------+-------+-------++-------
  Melee: Hand axe          |    74 |     6 ||    80
         Headbutt          |    25 |       ||    25
    Use: Potion            |       |     1 ||     1
 Armour: Leather armour    |    35 |     4 ||    39
         Robe              |     1 |       ||     1
         Skin              |       |     2 ||     2
  Dodge: Dodged            |    31 |     2 ||    33

Table legend: (Time is in decaauts)
 A = Elapsed time spent in this place.
 B = Non-inter-level travel time spent in this place.
 C = Inter-level travel time spent in this place.
 D = Time resting spent in this place.
 E = Time spent auto-exploring this place.
 F = Levels seen in this place.
 G = Mean time per level.
                   A        B        C        D        E       F      G
               +--------+--------+--------+--------+--------+-----+--------+
         Total |   1325 |   1247 |     78 |      0 |    963 |   3 |  441.7 |
       Dungeon |   1325 |   1247 |     78 |      0 |    963 |   3 |  441.7 |
               +--------+--------+--------+--------+--------+-----+--------+

Top non-repeatable levels by time:
     D:1: 687 daAuts
     D:2: 523 daAuts
     D:3: 114 daAuts
